 Dungeon Crawl Stone Soup version 0.21.1-1-g345015f (webtiles) character file.

78 shakethe the Skirmisher (level 4, -4/29 HPs)
             Began as a Gargoyle Fighter on Feb 14, 2018.
             Slain by Natasha (5 damage)
             ... on level 2 of the Dungeon.
             The game lasted 00:02:12 (1573 turns).

shakethe the Skirmisher (Gargoyle Fighter)          Turns: 1573, Time: 00:02:13

Health: -4/29      AC: 10    Str: 19    XL:     4   Next: 36%
Magic:  4/4        EV:  7    Int:  9    God:
Gold:   98         SH:  9    Dex: 10    Spells: 3/3 levels left

rFire    . . .     SeeInvis .   a - +0 flail
rCold    . . .     Gourm    .   c - +0 shield
rNeg     + . .     Faith    .   b - +0 scale mail
rPois    ∞         Spirit   .   (no helmet)
rElec    +         Reflect  .   (no cloak)
rCorr    .         Harm     .   (no gloves)
MR       .....                  (no boots)
Stlth    ..........             (no amulet)
HPRegen  0.09/turn              (no ring)
MPRegen  0.09/turn              (no ring)

@: slowed, very slow
A: negative energy resistance 1, electricity resistance, unbreathing,
petrification resistance, rot immunity, AC +3
a: no special abilities


You were on level 2 of the Dungeon.
You were not hungry.

You visited 1 branch of the dungeon, and saw 2 of its levels.

You collected 98 gold pieces.

Inventory:

Hand Weapons
 a - a +0 flail (weapon)
Missiles
 m - 35 stones (quivered)
Armour
 b - a +0 scale mail (worn)
 c - a +0 shield (worn)
Scrolls
 e - 2 scrolls of remove curse {unknown}
 k - a scroll of amnesia {unknown}
 l - a scroll of identify {unknown}
Potions
 d - a potion of might
 g - a potion of lignification {unknown}
 h - 3 potions of degeneration {unknown}
 i - a potion of haste {unknown}
 j - a potion of flight {unknown}
 o - a potion of ambrosia {unknown}
Comestibles
 f - 3 rations
 n - a chunk of flesh {@w0}


   Skills:
 + Level 3.8 Fighting
 * Level 3.1 Maces & Flails
 + Level 3.8 Armour
 + Level 3.8 Shields


You had 3 spell levels left.
You didn't know any spells.

Dungeon Overview and Level Annotations

Branches:
Dungeon (2/15)

Altars:

Annotations:
D:2 Natasha


Innate Abilities, Weirdness & Mutations

You are resistant to torment.
Your stone body is resilient. (AC +3)
You are immune to poison.
You resist negative energy. (rN+)
You are resistant to electric shocks. (rElec)
You can survive without breathing.
You are immune to petrification.
You are immune to rotting.


Message History

You are too injured to fight recklessly!
You block the frilled lizard's attack.
You are too injured to fight recklessly!
You are too injured to fight recklessly!
You are too injured to fight recklessly!
You are too injured to fight recklessly!
You are too injured to fight recklessly!
You are too injured to fight recklessly!
You are too injured to fight recklessly!
You are too injured to fight recklessly!
You are too injured to fight recklessly!
You block the frilled lizard's attack.
You hit the frilled lizard.
The frilled lizard bites you but does no damage.
You hit the frilled lizard.
You kill the frilled lizard!
You see here a frilled lizard corpse.
You see here a frilled lizard corpse.
You see here a frilled lizard corpse.
You butcher the frilled lizard corpse.
n - 5 chunks of flesh {@w0} (gained 1)
You see here a bat corpse.
You butcher the bat corpse.
n - 6 chunks of flesh {@w0} (gained 1)
Okay, then.
You start resting.
A bat comes into view.
You regained 2 hp, and now have 18/29 hp.
Things that are here:
a club; a leopard gecko skeleton; a kobold corpse That item cannot be evoked!
You start resting.
Some of the chunks of flesh in your inventory have rotted away.
Eating one of 3 chunks of flesh {@w0}.
You eat one of the 3 chunks of flesh {@w0}.
Health restored: 29
Things that are here:
a club; a kobold skeleton A rat comes into view.
You see here a bubbling golden potion.
The rat bites you but does no damage.
You hit the rat.
You kill the rat!
No target in view!
No target in view!
No target in view!
No target in view!
No target in view!
No target in view!
No target in view!
No target in view!
o - a bubbling golden potion No target in view!
No target in view!
No target in view!
No target in view!
No target in view!
No target in view!
No target in view!
You see here a rat corpse.
You now have 98 gold pieces (gained 7).
Natasha, Servant of Life and Death comes into view.
Natasha hisses angrily.
Natasha casts a spell at you.
You feel yourself slow down.
Natasha stares at you and mumbles some strange words.
You resist with some effort. Natasha claws you.
You take 4 damage, and have 25/29 hp.
Your shield and scale mail prevent you from hitting Natasha.
Natasha casts a spell at you. You resist with some effort. Natasha claws you.
You take 4 damage, and have 21/29 hp.
You miss Natasha. Natasha claws you.
Natasha growls.
Natasha casts a spell at you. The magic dart hits you!
You take 10 damage, and have 11/29 hp.
MASSIVE DAMAGE!!
You barely miss Natasha. Natasha claws you. x2
* * * LOW HITPOINT WARNING * * *
You take 4 damage, and have 7/29 hp.
You miss Natasha. Natasha claws you but does no damage.
You block Natasha's attack.
You closely miss Natasha. Natasha claws you.
* * * LOW HITPOINT WARNING * * *
Natasha casts a spell at you.
You feel as though you will be slow longer.
You take 5 damage, and have 2/29 hp.
You closely miss Natasha. Natasha claws you.
* * * LOW HITPOINT WARNING * * *
You block Natasha's attack.
You take 1 damage, and have 1/29 hp.
You hit Natasha.
Natasha mumbles some strange words.
Natasha growls.
Natasha closely misses you.
Some of the chunks of flesh in your inventory have rotted away.
You barely miss Natasha. Natasha claws you.
You die...

... ###.. ..... ... ... .....
. #5# ##### .... .
##########h##.... #..###.
#.........@#..# ......
#......##....#########.#...
#.....###......... ........
#..........###########.....
#.........####.............
...............†.######......
.........########## ##.......
####.....# ##))#.♣..( #.....#
#..##.....


You could see Natasha and a crimson imp.

Vanquished Creatures
  2 adders (D:2)
  An ooze (D:2)
  2 dart slugs (D:1)
  A leopard gecko (D:2)
  4 giant cockroaches
  2 goblins (D:1)
  6 hobgoblins (D:1)
  7 jackals (D:1)
  5 kobolds
  10 bats
  3 frilled lizards
  3 rats
46 creatures vanquished.

Notes
Turn   | Place    | Note
-------+----------+-------------------------------------------
     0 | D:1      | shakethe the Gargoyle Fighter began the quest for the Orb.
     0 | D:1      | Reached XP level 1. HP: 14/14 MP: 1/1
   169 | D:1      | Reached XP level 2. HP: 19/19 MP: 2/2
   309 | D:1      | HP: 3/19 [jackal (2)]
   660 | D:1      | Reached XP level 3. HP: 21/23 MP: 3/3
  1287 | D:2      | Reached skill level 3 in Maces & Flails
  1287 | D:2      | Reached XP level 4. HP: 11/29 MP: 4/4
  1561 | D:2      | Noticed Natasha
  1568 | D:2      | HP: 7/29 [Natasha (3)]
  1570 | D:2      | HP: 2/29 [Natasha (5)]
  1573 | D:2      | Slain by Natasha

Skill      XL: |  1  2  3 |
---------------+----------+-----
Maces & Flails | 3 |  3.1
Fighting       | |  3.8
Armour         | |  3.8
Shields        | |  3.8

Action                   |  1- 3 |  4- 6 || total
-------------------------+-------+-------++-------
Melee: Flail             |   174 |    44 ||   218
  Eat: Chunk             |       |     3 ||     3
Armor: Scale mail        |   182 |    67 ||   249
Dodge: Dodged            |   110 |    36 ||   146
Block: Shield            |   153 |    45 ||   198

Vault maps used:
D:1:      lemuel_arrival_muddy
D:2:      marbit_many_paths, kennysheep_decorative_pillar, uniq_natasha

Table legend:
 A = Turns spent in this place as a percentage of turns spent in the entire game.
 B = Non-inter-level travel turns spent in this place as a percentage of non-inter-level travel turns spent in the entire game.
 C = Inter-level travel turns spent in this place as a percentage of turns spent in this place.
 D = Turns resting spent in this place as a percentage of non-inter-level travel turns spent in this place.
 E = Turns spent auto-exploring this place as a percentage of non-inter-level travel turns spent in this place.
 F = Non-inter-level travel turns spent in this place divided by the number of levels of this place that you've seen.
                   A       B       C       D       E      F
               +-------+-------+-------+-------+-------+----------------------
         Total | 100.0 | 100.0 |   2.4 |  26.6 |  45.3 | 768.0
       Dungeon | 100.0 | 100.0 |   2.4 |  26.6 |  45.3 | 768.0
               +-------+-------+-------+-------+-------+----------------------

Table legend:
 A = Kills in this place as a percentage of kills in entire the game.
 B = Kills by you in this place as a percentage of kills by you in the entire game.
 C = Kills by friends in this place as a percentage of kills by friends in the entire game.
 D = Other kills in this place as a percentage of other kills in the entire game.
 E = Experience gained in this place as a percentage of experience gained in the entire game.
 F = Experience gained in this place divided by the number of levels of this place that you have seen.
                   A       B       C       D       E      F
               +-------+-------+-------+-------+-------+----------------------
         Total | 100.0 | 100.0 |   N/A |   N/A | 100.0 |  56.0
       Dungeon | 100.0 | 100.0 |   N/A |   N/A | 100.0 |  56.0
               +-------+-------+-------+-------+-------+----------------------
